 Dungeon Crawl Stone Soup version 0.31.0-11-ge490571c62 (webtiles) character file.

Game seed: 11112765025977345560

2048 Abimelech the Ducker (level 9, 0/62 HPs)
             Began as a Djinni Earth Elementalist on Feb 3, 2024.
             Was a Follower of Qazlal.
             Hit by a stone thrown by an orc warrior (4 damage)
             ... on level 7 of the Dungeon.
             The game lasted 00:30:56 (6881 turns).

Abimelech the Ducker (Djinni Earth Elementalist)    Turns: 6881, Time: 00:30:57

Health: 0/62       AC:  2    Str: 11    XL:     9   Next: 49%
Gold:   133        EV: 14    Int: 17    God:    Qazlal [*.....] SH:  7 Dex: 14

rFire   + + .        u - +10 great sword of Uncomfortable Rashes {flame, rElec Will+}
rCold   x . .        (shield currently unavailable)
rNeg    + . .        a - +0 robe
rPois   ∞            (no helmet)
rElec   +            (no cloak)
rCorr   .            (no gloves)
SInv    .            (boots unavailable)
Will    +....        q - amulet of reflection
Stlth   +++          b - ring of positive energy
HPRegen 0.30/turn    (no ring)
MPRegen 0.00/turn

%: reflection, infuse magic (-1 HP)
@: flying
A: sickness immunity, fire resistance 2, cold vulnerability 1, float, innate
caster, HP casting, extra vitality 1
a: Renounce Religion


You were on level 7 of the Dungeon.
You worshipped Qazlal.
Qazlal was aware of your devotion.
You visited 1 branch of the dungeon, and saw 7 of its levels.
You also visited: Sewer.

You collected 386 gold pieces.
You spent 253 gold pieces at shops.

Inventory:

Hand Weapons
 u - the +10 great sword of Uncomfortable Rashes (weapon) {flame, rElec Will+}
   (You bought it in a shop on level 2 of the Dungeon)

   rElec:     It insulates you from electricity.
   Will+:     It increases your willpower.
Missiles
 n - 4 datura-tipped darts (quivered)
 p - 6 darts of dispersal
 s - 5 javelins
Armour
 a - a +0 robe (worn)
Jewellery
 b - a ring of positive energy (left hand)
 q - an amulet of reflection (around neck)
Wands
 l - a wand of charming (10)
Scrolls
 j - 3 scrolls of revelation
 k - 3 scrolls of fear
 o - 6 scrolls of teleportation
 r - a scroll of butterflies
Potions
 c - 3 potions of degeneration
 d - 3 potions of might
 e - 2 potions of magic
 f - 2 potions of resistance {unknown}
 g - a potion of curing
 h - 3 potions of haste
 i - 2 potions of enlightenment {unknown}
 m - a potion of attraction
 t - a potion of lignification {unknown}


   Skills:
 * Level 3.9 Fighting
 - Level 2.5(2.9) Short Blades
 * Level 2.1(2.7) Long Blades
 - Level 1.8 Maces & Flails
 * Level 2.9 Throwing
 * Level 4.1 Armour
 * Level 5.1 Dodging
 * Level 4.7 Stealth
 * Level 4.4 Spellcasting
 * Level 4.4 Conjurations
 * Level 4.4 Hexes
 * Level 4.4 Summonings
 * Level 4.4 Necromancy
 * Level 4.4 Translocations
 * Level 4.4 Fire Magic
 * Level 4.4 Ice Magic
 * Level 4.4 Air Magic
 * Level 4.4 Earth Magic
 * Level 4.4 Alchemy
 * Level 1.6 Invocations
 * Level 0.8 Evocations


You knew the following spells:

 Your Spells              Type           Power      Damage    Failure   Level
a - Sandblast             Erth           36%        2d10      2%          1
b - Passwall              Erth           18%        N/A       8%          3
c - Stone Arrow           Conj/Erth      36%        3d9       8%          3
d - Petrify               Alch/Erth      18%        N/A       24%         4
e - Brom's Barrelling Bo  Conj/Erth      18%        2d4       24%         4
f - Slow                  Hex            72%        N/A       2%          1
g - Ensorcelled Hibernat  Hex/Ice        36%        N/A       3%          2
h - Mephitic Cloud        Conj/Alch/Air  18%        N/A       8%          3
i - Confusing Touch       Hex            18%        N/A       8%          3
Your spell library was empty.

Dungeon Overview and Level Annotations

Branches:
Dungeon (7/15)             Temple (0/1) D:6           Sewer (visited)

Altars:
Ashenzari
Qazlal
Trog
Xom

Shops:
D:2 (   D:5 =


Innate Abilities, Weirdness & Mutations

You are immune to sickness and miasma.
You are immune to poison.
Your flesh is very heat resistant. (rF++)
You are vulnerable to cold. (rC-)
You float through the air rather than walking.
You learn spells naturally, not from books.
Your magical power is your life essence.
You have superior vitality. (+4 MHP)


Message History

The sky beast hits your steam dragon but does no damage.
Your steam dragon breathes steam at the sky beast.
The ball of steam hits the sky beast!
Qazlal accepts your kill.
You feel a bit more experienced.
You hear a shout!
There is a stone staircase leading down here.
Your steam dragon looks more healthy.
Found a runed cloak.
The steam dragon is no longer charmed.
Casting: Brom's Barrelling Boulder (quite dangerous; 26% risk of failure)
Confirm with . or Enter, or press ? or * to list all spells.
Aiming: Stone Arrow (dangerous; 8% risk of failure)
Press: ? - help, Shift-Dir - straight line, f - steam dragon
Aim: a steam dragon (heavily wounded, 68% to hit)
The stone arrow hits the steam dragon!
The steam dragon is almost dead.
* * * LOW HITPOINT WARNING * * *
The steam dragon breathes steam at you. The ball of steam misses you.
You hear a shout! x3
You hit the steam dragon but do no damage.
The steam dragon is almost dead.
The steam dragon is engulfed in freezing vapours.
You kill the steam dragon!
Qazlal accepts your kill.
The steam dragon scales are intact enough to wear.
Your Long Blades skill increases to level 2!
Found 12 gold pieces.
You start resting.
A centaur comes into view.
The centaur wields a +0 orcbow.
The centaur shoots an arrow.
You block the arrow with an invisible shield... and reflect it back!
The arrow hits the centaur!
An orc warrior comes into view. It is wielding a +0 hand axe.
The centaur shoots an arrow.
The arrow hits you!
* * * LOW HITPOINT WARNING * * *
An orc priest comes into view. It is wielding a +0 hand axe.
The orc warrior throws a stone.
The stone hits you.
You die...

...$.#...§###....
D.#...#.##...#..#
...<...#.#....#..### #
.. #....(._..§D...#####
... ##..#....#.#.#......
.c..##..#...##.#.#>.....
#.....###....#.#......
#........####.#......
#.#.@..[......#......
..##.......####......
..../..####.# ##.#####
####... #.###..# #.##.
#.....## #.# #.......#
..# #######..... .o.o
....... ........


You could see an orc warrior, a centaur and an orc priest (wandering).

Vanquished Creatures
  A steam dragon (D:7)
  Duvessa (D:5)
  A black bear (D:6)
  A phantom (D:4)
  3 kobold brigands (Sewer)
  4 scorpions
  Dowan (D:5)
  A jelly (D:4)
  2 bombardier beetles
  2 orc priests (D:5)
  5 hounds
  4 sleepcaps
  6 iguanas
  6 orc wizards
  Robin (D:4)
  9 adders
  3 river rats (Sewer)
  2 white imps
  4 ufetubi
  9 ribbon worms
  11 dart slugs
  15 orcs
  13 ball pythons
  6 bats
  20 endoplasms
  14 goblins
  11 hobgoblins
  A quokka (D:2)
  7 frilled lizards
  10 kobolds
  5 rats
179 creatures vanquished.

Vanquished Creatures (collateral kills)
  A sky beast (D:7)
  A bullfrog (D:7)
  A boulder (D:7)
3 creatures vanquished.

Vanquished Creatures (others)
  6 boulders
6 creatures vanquished.

Grand Total: 188 creatures vanquished

Notes
Turn   | Place    | Note
-------+----------+-------------------------------------------
     0 | D:1      | Abimelech the Djinni Earth Elementalist began the quest for
                  | the Orb.
     0 | D:1      | Abimelech set off with the following spells memorised:
                  | Sandblast, Passwall, Stone Arrow, Petrify, Brom's
                  | Barrelling Boulder.
     0 | D:1      | Reached XP level 1. HP: 15/15 MP: 0/0
    85 | D:1      | Reached XP level 2. HP: 21/21 MP: 0/0
   229 | D:2      | Reached XP level 3. HP: 9/26 MP: 0/0
   229 | D:2      | Learned a level 1 spell: Slow
   529 | D:3      | Found a glowing drain.
   541 | Sewer    | Entered a sewer
   677 | Sewer    | Noticed a kobold brigand
   683 | Sewer    | Killed a kobold brigand
   684 | Sewer    | Reached skill level 1 in Fighting
   684 | Sewer    | Reached skill level 1 in Short Blades
   684 | Sewer    | Reached skill level 1 in Armour
   684 | Sewer    | Reached skill level 3 in Dodging
   684 | Sewer    | Reached XP level 4. HP: 15/32 MP: 0/0
   684 | Sewer    | Reached XP level 5. HP: 17/37 MP: 0/0
   684 | Sewer    | Learned a level 2 spell: Ensorcelled Hibernation
   934 | Sewer    | Noticed a kobold brigand
   953 | Sewer    | Killed a kobold brigand
   954 | Sewer    | Reached XP level 6. HP: 36/43 MP: 0/0
  2212 | D:4      | Reached XP level 7. HP: 33/49 MP: 0/0
  2212 | D:4      | Learned a level 3 spell: Mephitic Cloud
  2392 | D:4      | Reached skill level 1 in Throwing
  2873 | D:4      | Reached skill level 4 in Dodging
  2954 | D:4      | Noticed Robin
  2955 | D:4      | Reached XP level 8. HP: 37/55 MP: 0/0
  2959 | D:4      | Killed Robin
  3164 | D:5      | Entered Level 5 of the Dungeon
  3180 | D:5      | Identified the +6 flail "Mowus" {speed, rN+ Stlth+}
  3232 | D:5      | Found a stormy altar of Qazlal.
  3291 | D:5      | Became a worshipper of Qazlal Stormbringer
  3400 | D:5      | Reached skill level 1 in Maces & Flails
  3475 | D:5      | Noticed Dowan
  3482 | D:5      | Killed Dowan
  3909 | D:5      | Found a shimmering altar of Xom.
  3909 | D:5      | Found a bloodstained altar of Trog.
  3949 | D:5      | Noticed Duvessa
  3956 | D:5      | Killed Duvessa
  4120 | D:5      | Found Adyx Bob's Jewellery Shop.
  4472 | D:2      | Found Vomn's Antique Weapon Shoppe.
  4704 | D:2      | You are sucked into a shaft and drop 1 floor!
  5231 | D:2      | Bought a crystal great sword for 253 gold pieces
  5231 | D:2      | Identified the +10 great sword of Uncomfortable Rashes
                  | {flame, rElec Will+} (You bought it in a shop on level 2 of
                  | the Dungeon)
  5359 | D:1      | Reached * piety under Qazlal
  6046 | D:6      | Reached XP level 9. HP: 58/61 MP: 0/0
  6046 | D:6      | Learned a level 3 spell: Confusing Touch
  6054 | D:6      | Found a staircase to the Ecumenical Temple.
  6482 | D:6      | Reached skill level 1 in Long Blades
  6503 | D:6      | Reached skill level 1 in Invocations
  6800 | D:7      | Reached skill level 5 in Dodging
  6810 | D:7      | Found a broken altar of Ashenzari.
  6881 | D:7      | Hit by a stone thrown by an orc warrior

Illustrated notes

Levels and vault maps discovered:
D:1:      dpeg_arrival_tiny_a, layout_basic, minmay_curled_crystal
D:2:      layout_loops_cross, basic_altar, serial_shops, shop
D:3:      layout_rooms, cheibrodos_sewer_entry_sluice
D:4:      kennysheep_slugbush, layout_loops_ring, uniq_robin
D:5:      layout_cave_pools, mainiacjoe_overflow_24_doors,
          chequers_temple_overflow_statue_of_worship, serial_shops,
          nicolae_shop_tiny_real_fake_doors, uniq_duvessa
D:6:      layout_cave_pools, minmay_temple_entry_ruins
D:7:      layout_rooms, nicolae_overflow_crystal_walls

Skill      XL: |  1  2  3  4  5  6  7  8  9 |
---------------+----------------------------+-----
Stealth        | 2 3 4 |  4.7
Fighting       | 1 2 3 |  3.9
Short Blades   | 1 2 |  2.5
Armour         | 1 2 3 4 |  4.1
Dodging        | 3 4 5 |  5.1
Throwing       | 1 2 |  2.9
Maces & Flails | 1 |  1.8
Spellcasting   | 4 |  4.4
Conjurations   | 4 |  4.4
Hexes          | 4 |  4.4
Summonings     | 4 |  4.4
Necromancy     | 4 |  4.4
Translocations | 4 |  4.4
Fire Magic     | 4 |  4.4
Ice Magic      | 4 |  4.4
Air Magic      | 4 |  4.4
Earth Magic    | 4 |  4.4
Alchemy        | 4 |  4.4
Long Blades    | 2 |  2.1
Invocations    | 1 |  1.6
Evocations     | |  0.8

Action                     |  1- 3 |  4- 6 |  7- 9 || total
---------------------------+-------+-------+-------++-------
  Melee: Short sword       |    19 |    71 |    16 ||   106
         Punch             |       |     1 |     1 ||     2
         Flail             |       |       |    60 ||    60
         Great sword       |       |       |    42 ||    42
  Throw: Dart              |       |     4 |     1 ||     5
   Cast: Sandblast         |    24 |    18 |    16 ||    58
         Stone Arrow       |     6 |    15 |    65 ||    86
         Petrify           |       |     4 |     3 ||     7
         Ensorcelled Hiber |       |     1 |       ||     1
         Mephitic Cloud    |       |       |     8 ||     8
         Brom's Barrelling |       |       |     9 ||     9
  Evoke: Wand              |       |       |     2 ||     2
    Use: Scroll            |     5 |     4 |     9 ||    18
         Potion            |       |       |     6 ||     6
   Stab: Sleeping          |     4 |     4 |     6 ||    14
         Petrified         |       |     8 |     9 ||    17
         Petrifying        |       |     1 |       ||     1
 Armour: Robe              |    31 |    49 |   125 ||   205
  Dodge: Dodged            |    34 |    53 |   115 ||   202
  Block: Other             |       |       |    10 ||    10
         Reflection        |       |       |     1 ||     1
